AoeStats
← Abetterhandle

Nomad

509572831Analyzed
3v3 RM · 5d ago on Sep 27, 2026· 44m 24s· 6 players
Game mode
Random Map
Map size
210×210
Population
200
Speed
Normal
Resources
Standard
Victory
Conquest
Starting age
Dark Age
Ending age
Imperial Age
RankedLock teamsTeams togetherTeam positionsShared explorationLock speedFull tech treeHidden civsTurbo modeCheats
Victory
Defeat
🇨🇳 Teutons · China
972
+12
🇩🇰 Danes · Denmark
934
+13
🇳🇿 Koreans · New Zealand
898
+15
🇵🇭 Danes · Philippines
891
-14
877
-13
🇨🇳 Hindustanis · China
857
-13
Nagazuki
13:14 Feudal Age
13:51 Double-Bit Axe
14:29 Gold Mining
15:29 Fishing Lines
19:42 Stone Mining
20:21 Arson
22:43 Castle Age
22:00 Scale Mail Armor
22:12 Forging
23:25 Squires
24:09 Iron Casting
23:56 Gambesons
24:09 Gillnets
27:00 Chain Mail Armor
31:27 Fletching
31:37 Padded Archer Armor
32:15 Ballistics
41:46 Imperial Age
39:55 Wheelbarrow
39:57 Gold Shaft Mining
39:58 Hamask
BoBo鸡之印第安走地鸡
6:04 Loom
15:50 Feudal Age
19:25 Wheelbarrow
21:40 Castle Age
20:52 Double-Bit Axe
25:44 Bow Saw
25:16 Horse Collar
25:28 Stone Mining
25:36 Stone Mining
25:34 Horse Collar
27:00 Fletching
27:15 Padded Archer Armor
28:40 Hand Cart
32:21 Town Watch
38:26 Heavy Plow
38:17 Gold Mining
39:02 Stone Shaft Mining
chilthing
20:30 Feudal Age
27:19 Castle Age
25:59 Double-Bit Axe
26:32 Horse Collar
27:01 Fletching
30:35 Loom
31:19 Forging
31:26 Stone Mining
35:23 Husbandry
周公瑾
4:24 Loom
17:34 Feudal Age
18:04 Double-Bit Axe
20:25 Town Watch
24:14 Castle Age
21:57 Man-at-Arms
25:14 Bow Saw
25:07 Fishing Lines
26:00 Horse Collar
27:09 Wheelbarrow
26:46 Gambesons
27:11 Long Swordsman
33:21 Forging
33:13 Scale Mail Armor
34:51 Iron Casting
39:51 Squires
41:56 Gold Mining
41:41 Elite Skirmisher
44:29 Stone Mining
47:27 Imperial Age
pisse.sur-GiveUpYouWillDie
13:32 Feudal Age
13:34 Loom
18:54 Castle Age
17:25 Stone Mining
18:39 Double-Bit Axe
18:49 Fletching
18:57 Horse Collar
21:41 Forging
21:38 Gold Mining
21:39 Arson
24:56 Scale Mail Armor
26:48 Chain Mail Armor
27:33 Hamask
32:37 Wheelbarrow
34:50 Bodkin Arrow
41:08 Iron Casting
44:15 Imperial Age
42:36 Masonry
43:15 Squires
Abetterhandle
4:48 Loom
13:41 Feudal Age
15:34 Gold Mining
19:06 Castle Age
18:01 Double-Bit Axe
19:41 Forging
20:54 Bow Saw
21:44 Gold Shaft Mining
21:27 Squires
23:03 Stone Mining
30:52 Fishing Lines
34:51 Imperial Age
32:07 Town Watch
34:38 Fletching
37:17 Iron Casting
37:50 Arson
40:36 Wheelbarrow
40:18 Elite Fire Lancer
41:28 Scale Mail Armor
42:05 Elite Turtle Ship
44:00 Chain Mail Armor
Connection lost

Rejoining the realm…

Still unreachable

The connection could not be restored.

Session expired

The server has moved on; the page needs a fresh start.